 Dungeon Crawl Stone Soup version 0.27-a0-1136-g0b992a5a9d (webtiles) character file.

Game seed: 8808203785175976313

10259 Froggeryz the Grappler (level 11, -10/82 HPs)
             Began as a Yellow Draconian Wanderer on May 5, 2021.
             Was a High Priest of Sif Muna.
             Mangled by a boulder beetle (17 damage)
             ... on level 1 of the Lair of Beasts.
             The game lasted 00:21:38 (17124 turns).

Froggeryz the Grappler (Yellow Draconian Wanderer) Turns: 17124, Time: 00:21:38

Health: -10/82     AC: 14    Str: 15    XL:     11   Next: 33%
Magic:  17/17      EV: 16    Int: 21    God:    Sif Muna [*****.]
Gold:   548        SH:  6    Dex: 19    Spells: 14/18 levels left

rFire    . . .     SeeInvis .     - Unarmed
rCold    . . .     Faith    .   d - +0 buckler
rNeg     . . .     Spirit   .   (armour unavailable)
rPois    .         Reflect  .   q - +4 hat of the Serpent {rElec Int+8}
rElec    +         Harm     .   w - +0 cloak
rCorr    +         Rampage  .   (no gloves)
Will     .....                  o - +1 pair of boots
Stlth    ++........             f - amulet of the acrobat
HPRegen  0.23/turn              A - +6 ring of dexterity
MPRegen  0.15/turn              (no ring)

@: short of breath
A: spit acid, AC +7, unfitting armour, cold-blooded, acid resistance
a: Breathe Acid, Renounce Religion, Channel Magic, Forget Spell, Divine Exegesis


You were on level 1 of the Lair of Beasts.
You worshipped Sif Muna.
Sif Muna was extremely pleased with you.
You visited 2 branches of the dungeon, and saw 11 of its levels.
You also visited: Sewer and Ossuary.

You collected 548 gold pieces.

Inventory:

Missiles
 u - 2 curare-tipped darts
 I - 7 boomerangs of dispersal
 K - 6 atropa-tipped darts
Armour
 d - a +0 buckler (worn)
 o - a +1 pair of boots (worn)
 q - the +4 hat of the Serpent (worn) {rElec Int+8}
   (You acquired it on level 5 of the Dungeon)

   It affects your intelligence (+8).
   It insulates you from electricity.
 w - a +0 cloak (worn)
Jewellery
 f - an amulet of the acrobat (around neck)
 A - a +6 ring of dexterity (left hand)
Wands
 y - a wand of mindburst (11)
Scrolls
 b - 3 scrolls of enchant weapon
 e - 2 scrolls of holy word
 g - 2 scrolls of torment
 j - 2 scrolls of silence
 k - 2 scrolls of noise
 m - 4 scrolls of blinking
 r - 2 scrolls of magic mapping
 D - 2 scrolls of fear
 F - a scroll of amnesia
 G - a scroll of enchant armour
Potions
 a - 4 potions of flight
 c - 10 potions of ambrosia
 h - a potion of magic
 i - 4 potions of lignification
 l - 2 potions of cancellation
 n - 2 potions of might
 p - 2 potions of mutation
 s - 2 potions of brilliance
 t - 3 potions of haste
 x - a potion of berserk rage
 B - a potion of invisibility
 E - 2 potions of resistance
 H - a potion of attraction {unknown}


   Skills:
 - Level 3.5 Fighting
 - Level 3.0 Polearms
 - Level 1.0 Throwing
 + Level 6.6 Dodging
 - Level 5.0 Shields
 * Level 14.0 Unarmed Combat
 - Level 4.0 Spellcasting
 - Level 1.0 Translocations
 - Level 1.0 Air Magic
 - Level 1.0 Evocations


You had 14 spell levels left.
You knew the following spells:

 Your Spells              Type           Power      Damage    Failure   Level
a - Petrify               Tmut/Erth      4%         N/A       75%         4

Your spell library contained the following spells:

 Spells                   Type           Power      Damage    Failure   Level
 Shock                    Conj/Air       24%        1d4       10%         1
 Magic Dart               Conj           16%        1d3       12%         1
 Searing Ray              Conj           8%         3d3       19%         2
 Gell's Gravitas          Tloc           4%         N/A       24%         3
 Mephitic Cloud           Conj/Pois/Air  5%         N/A       30%         3
 Confusing Touch          Hex            4%         N/A       34%         3
 Dazzling Flash           Conj/Hex       8%         N/A       34%         3
 Iskenderun's Mystic Bla  Conj/Tloc      6%         2d4       67%         4
 Fulminant Prism          Conj/Hex       2%         3d6       75%         4
 Alistair's Intoxication  Tmut/Pois      2%         N/A       97%         5
 Metabolic Englaciation   Hex/Ice        2%         N/A       97%         5
 Yara's Violent Unravell  Hex/Tmut       2%         3d3       97%         5
 Eringya's Noxious Bog    Tmut/Pois      2%         N/A       100%        6
 Simulacrum               Ice/Necr       2%         N/A       100%        6
 Haunt                    Necr/Summ      2%         N/A       100%        7
 Infestation              Necr           2%         N/A       100%        8
 Death's Door             Necr           2%         N/A       100%        9


Dungeon Overview and Level Annotations

Branches:
Dungeon (10/15)            Temple (0/1) D:7            Lair (1/6) D:10
  Sewer (visited)         Ossuary (visited)
    Orc: D:9-12

Altars:
Cheibriados
Elyvilon
Fedhas
Kikubaaqudgha
Makhleb
Nemelex Xobeh
Okawaru
Ru
Sif Muna
Uskayaw
Vehumet
Wu Jian
Yredelemnul
The Shining One

Shops:
D:2 ?   D:9 (

Annotations:
D:5 1 transporter, caleiya's ghost, novice GrFE
D:6 3 runed translucent doors, LordDeathwing's ghost, novice DrFi


Innate Abilities, Weirdness & Mutations

You can spit globs of acid.
Your golden yellow scales are hard. (AC +7)
You cannot fit into any form of body armour.
You are cold-blooded and may be slowed by cold attacks.
You are resistant to acid. (rCorr)


Message History

Aim: a boulder beetle (wandering, hasn't noticed you)
You spit a glob of acid.
The glob of acid hits the boulder beetle but does no damage.
Unknown command.
You punch the boulder beetle!
The boulder beetle is lightly wounded.
The boulder beetle bites you!!
You hit the boulder beetle but do no damage.
The boulder beetle is lightly wounded.
The boulder beetle completely misses you.
You barely miss the boulder beetle.
The boulder beetle is lightly wounded.
The boulder beetle closely misses you.
You hit the boulder beetle but do no damage.
The boulder beetle is lightly wounded.
You hit the boulder beetle but do no damage.
The boulder beetle is lightly wounded.
The boulder beetle closely misses you.
You hit the boulder beetle but do no damage.
The boulder beetle is lightly wounded.
The boulder beetle completely misses you.
You hit the boulder beetle. You tail-slap the boulder beetle.
The boulder beetle is lightly wounded.
The boulder beetle bites you!
You punch the boulder beetle!
The boulder beetle is moderately wounded.
The boulder beetle bites you!!
You are too injured to fight recklessly!
You are too injured to fight recklessly!
You hit the boulder beetle but do no damage.
You tail-slap the boulder beetle, but do no damage.
The boulder beetle is lightly wounded.
You hit the boulder beetle but do no damage.
The boulder beetle is lightly wounded.
The boulder beetle bites you!!
* * * LOW HITPOINT WARNING * * *
You punch the boulder beetle!
The boulder beetle is heavily wounded.
The boulder beetle bites you!
You die...

#......#####
#........#..
#........#..
##...........
#.......#.... ##
####........#.. #..
###.##.....>#.#..
###≈.≈##...........#.#..
#.≈.≈.B@.#.#......>#.+..
#..≈.≈...########.####..
##.≈._.≈..# #..# ###
##...≈.≈...# ..## #
#...≈._.≈.## ###.#
#...≈.≈..# #...#
..≈.≈.≈.# ##..### ####
.##≈.≈##. #.....# #.#.
#...######.....# ###..


You could see a boulder beetle.

Vanquished Creatures
  A hydra (Lair:1)
  A two-headed ogre (D:10)
  Nergalle (D:9)
  A black mamba (Lair:1)
  A cane toad (Lair:1)
  A komodo dragon (Lair:1)
  A tengu conjurer (D:10)
  A queen bee (D:10)
  2 shadows
  A wraith (D:10)
  A vampire (D:9)
  A wyvern (D:9)
  A basilisk (D:10)
  7 yaks
  A steam dragon (D:9)
  An acid dragon (D:10)
  A water moccasin (D:7)
  2 orc warriors
  A sky beast (D:6)
  2 black bears
  A necrophage (D:7)
  3 ogres
  A phantom (D:7)
  2 kobold brigands
  6 bullfrogs
  A gnoll sergeant (D:9)
  6 water moccasin zombies (Ossuary)
  2 water moccasin skeletons
  22 killer bees
  4 howler monkeys
  3 wights (D:7)
  An electric eel (D:9)
  A bullfrog zombie (D:7)
  4 centaur zombies
  4 gnoll shamans
  4 orc priests
  4 hounds
  2 jellies
  A centaur skeleton (D:7)
  An iron imp (D:7)
  3 iguanas
  5 orc wizards
  A killer bee zombie (D:7)
  2 mummies (Ossuary)
  3 howler monkey zombies
  Robin (D:4)
  18 gnolls
  A howler monkey skeleton (D:5)
  8 adders
  3 river rats (Sewer)
  2 shadow imps
  A white imp (D:6)
  2 ufetubi
  2 adder zombies (Ossuary)
  An adder skeleton (D:4)
  2 worms
  2 dart slugs
  25 orcs
  6 ball pythons
  6 endoplasms
  4 giant cockroaches
  5 gnoll zombies (Ossuary)
  12 goblins
  16 hobgoblins
  8 jackals
  4 quokkas
  5 bats
  2 frilled lizards
  A goblin skeleton (D:7)
  5 hobgoblin zombies
  12 kobolds
  A kobold skeleton (D:7)
  4 kobold zombies (Ossuary)
  8 orc zombies
  3 rats
286 creatures vanquished.

Vanquished Creatures (others)
  A fungus (Lair:1)
  19 plants
20 creatures vanquished.

Grand Total: 306 creatures vanquished

Notes
Turn   | Place    | Note
-------+----------+-------------------------------------------
     0 | D:1      | Froggeryz the Draconian Wanderer began the quest for the
                  | Orb.
     0 | D:1      | Froggeryz set off with the following items: a +2 spear, a
                  | scroll of teleportation; and the following spell memorised:
                  | Shock; and the following spells available to memorise:
                  | Mephitic Cloud
     0 | D:1      | Reached XP level 1. HP: 16/16 MP: 2/2
   353 | D:1      | Reached skill level 1 in Unarmed Combat
   376 | D:1      | Reached XP level 2. HP: 23/23 MP: 3/3
   560 | D:1      | Found a faded altar of an unknown god.
   627 | D:1      | Reached skill level 2 in Unarmed Combat
   688 | D:1      | Became a worshipper of Sif Muna the Loreminder
   688 | D:1      | Reached * piety under Sif Muna
   965 | D:2      | Reached XP level 3. HP: 15/29 MP: 4/4
  1339 | D:2      | Found a white marble altar of Elyvilon.
  1999 | D:2      | Found Sunan's Magic Scroll Shoppe.
  2221 | D:2      | Reached ** piety under Sif Muna
  2553 | D:3      | Reached skill level 3 in Unarmed Combat
  2568 | D:3      | Reached XP level 4. HP: 37/37 MP: 5/5
  3779 | D:2      | Reached XP level 5. HP: 40/45 MP: 6/6
  4097 | D:3      | Reached skill level 4 in Unarmed Combat
  4578 | D:4      | Noticed an ogre
  4700 | D:4      | Reached XP level 6. HP: 29/51 MP: 8/8
  4921 | D:4      | Reached skill level 5 in Unarmed Combat
  5155 | D:4      | Noticed Robin
  5497 | D:4      | Killed Robin
  5549 | D:4      | Your scales start taking on a golden yellow colour.
  5549 | D:4      | Reached XP level 7. HP: 39/57 MP: 9/11
  5549 | D:4      | Gained mutation: You are resistant to acid. (rCorr) [Yellow
                  | Draconian growth]
  5858 | D:4      | Found a hide-covered altar of Uskayaw.
  5947 | D:5      | Entered Level 5 of the Dungeon
  5967 | D:5      | Reached skill level 6 in Unarmed Combat
  6220 | D:5      | Reached *** piety under Sif Muna
  6239 | D:5      | Found a glowing drain.
  6252 | Sewer    | Entered a sewer
  6556 | Sewer    | Found a glowing silver altar of Zin.
  6662 | D:5      | Noticed a hornet
  6685 | D:5      | Noticed caleiya's ghost (novice GrFE)
  6687 | D:5      | Found a transporter.
  6695 | D:5      | Identified a scroll of acquirement
  6695 | D:5      | Acquired the +4 hat of the Serpent {rElec Int+8}
  7263 | D:6      | Reached skill level 7 in Unarmed Combat
  7292 | D:6      | Found a radiant altar of Vehumet.
  7579 | D:6      | Reached XP level 8. HP: 44/63 MP: 12/14
  7681 | D:6      | Learned a level 4 spell: Petrify
  7779 | D:6      | Reached skill level 1 in Shields
  7912 | D:6      | Found a runed translucent gate.
  7912 | D:6      | Found a runed translucent gate.
  7912 | D:6      | Found a runed translucent gate.
  7912 | D:6      | Noticed LordDeathwing's ghost (novice DrFi)
  7914 | D:6      | Found a basalt altar of Yredelemnul.
  7929 | D:6      | Reached skill level 8 in Unarmed Combat
  8463 | D:7      | Found a staircase to the Ecumenical Temple.
  9243 | D:7      | Found a snail-covered altar of Cheibriados.
  9395 | D:7      | Reached skill level 9 in Unarmed Combat
  9435 | D:7      | Found a burning altar of Makhleb.
  9442 | D:7      | Found a sacrificial altar of Ru.
  9514 | D:7      | Found a glowing golden altar of the Shining One.
  9538 | D:7      | Reached **** piety under Sif Muna
  9832 | D:7      | Reached XP level 9. HP: 54/70 MP: 15/15
  9915 | D:7      | Found an iron altar of Okawaru.
 10515 | D:8      | Found a sand-covered staircase.
 10522 | Ossuary  | Entered an ossuary
 10561 | Ossuary  | Reached skill level 10 in Unarmed Combat
 10919 | D:8      | Found a sparkling altar of Nemelex Xobeh.
 10995 | D:8      | Reached skill level 5 in Shields
 11406 | D:9      | Reached skill level 11 in Unarmed Combat
 11624 | D:9      | Found an ancient bone altar of Kikubaaqudgha.
 11859 | D:9      | Reached ***** piety under Sif Muna
 11977 | D:9      | Found Nyofomp's Antique Weapon Emporium.
 11994 | D:9      | Reached XP level 10. HP: 77/77 MP: 16/16
 12165 | D:9      | Found a blossoming altar of Fedhas.
 12313 | D:10     | Entered Level 10 of the Dungeon
 12555 | D:10     | Found a staircase to the Lair.
 12558 | D:10     | Identified the +3 mace "Sepih" {flame, *Noise Dex+3 SInv}
 12633 | D:10     | Reached skill level 12 in Unarmed Combat
 12808 | D:10     | Noticed a two-headed ogre
 12812 | D:10     | Identified Sif Muna's Catalogue of Dark Toxins (Sif Muna
                  | gifted it to you on level 10 of the Dungeon)
 12812 | D:10     | Received a gift from Sif Muna
 12816 | D:10     | Killed a two-headed ogre
 12816 | D:10     | Noticed Nergalle
 13448 | D:9      | Noticed a spectral orc warlord
 13688 | D:9      | Killed Nergalle
 13689 | D:9      | Reached skill level 5 in Dodging
 14040 | D:10     | Reached skill level 13 in Unarmed Combat
 14698 | Lair:1   | Entered Level 1 of the Lair of Beasts
 15200 | D:10     | HP: 3/77 [killer bee (7)]
 15803 | D:10     | Reached XP level 11. HP: 56/82 MP: 17/17
 16381 | Lair:1   | Noticed a seven-headed hydra
 16391 | Lair:1   | HP: 3/82 [poisoned by a black mamba]
 16416 | Lair:1   | HP: 5/123 [seven-headed hydra (10)]
 16416 | Lair:1   | HP: 1/123 [seven-headed hydra (4)]
 16418 | Lair:1   | Killed a seven-headed hydra
 16825 | Lair:1   | Found an ornate altar of the Wu Jian Council.
 16825 | Lair:1   | Found a hide-covered altar of Uskayaw.
 16825 | Lair:1   | Noticed a boulder beetle
 16854 | Lair:1   | Reached skill level 14 in Unarmed Combat
 17124 | Lair:1   | Mangled by a boulder beetle

Illustrated notes

Levels and vault maps discovered:
D:1:      dpeg_arrival_round_a, layout_rooms,
          shapermc_ecumenical_altar_mp_vishouse, minmay_domino_2
D:2:      wad_lake_hut, layout_basic, basic_altar, serial_shops, shop_fountains,
          grunt_ministairs_3
D:3:      layout_loops_ring, minmay_randomly_rotated_circles
D:4:      layout_cave_pools, nicolae_uskayaw_suspiria, eino_tiny_chamber,
          uniq_robin
D:5:      layout_loops_ring, portal_sewer_entry_d, gammafunk_ghost_hive
D:6:      layout_basic, amcnicky_altar_gilded, nicolae_yredelemnul_ghost_church
D:7:      layout_layer_cave, kennysheep_mini_moat, slow_altar_1,
          nicolae_tso_besieged_by_evil, lemuel_crystal_altar, okawaru_trees_2,
          minmay_temple_entry_glass, kennysheep_generic_room_6
D:8:      layout_rooms, nemelex_xobeh_ov_fountains_minmay,
          lightli_ossuary_entry_decrepit_ruins,
          hangedman_abyss_or_decor_lesser_grid
D:9:      layout_big_octagon, fedhas_altar_1, lemuel_doored_altar,
          serial_gnoll_camp, gnoll_camp_mini_hut, gnoll_camp_mini_hut,
          gnoll_camp_mini_shop, gnoll_camp_mini_doghouse, gnoll_camp_mini_hut
D:10:     layout_gridville, dpeg_oklobed_lair, grunt_tough_drop, uniq_nergalle
Lair:1:   layout_roguey, special_room [special_room_bee],
          nzn_masters_of_martial_movement

Skill      XL: |  1  2  3  4  5  6  7  8  9 10 11 |
---------------+----------------------------------+-----
Unarmed Combat | 1 2 3 4 5 7 9 11 13 14 | 14.0
Fighting       | 2 3 |  3.5
Spellcasting   | 2 4 |  4.0
Shields        | 3 5 |  5.0
Dodging        | 3 5 6 |  6.6
Polearms       | |  3.0
Throwing       | |  1.0
Translocations | |  1.0
Air Magic      | |  1.0
Evocations     | |  1.0

Action                   |  1- 3 |  4- 6 |  7- 9 | 10-12 || total
-------------------------+-------+-------+-------+-------++-------
Melee: Spear             |   140 |    61 |       |       ||   201
       Tailslap          |    11 |    22 |    87 |    47 ||   167
       Mace              |       |   129 |    98 |       ||   227
       Punch             |       |     8 |    17 |       ||    25
       Unarmed           |       |       |   441 |   306 ||   747
 Abil: Breathe Acid      |       |       |    18 |    10 ||    28
Evoke: Wand              |       |       |       |    11 ||    11
  Use: Scroll            |     8 |       |     9 |    13 ||    30
       Potion            |       |     3 |       |     8 ||    11
 Stab: Sleeping          |       |       |     4 |       ||     4
Armor: Skin              |    22 |    83 |   254 |   122 ||   481
Dodge: Dodged            |    55 |   154 |   352 |   323 ||   884
Block: Buckler           |       |       |    32 |   121 ||   153

Table legend: (Time is in decaauts)
 A = Elapsed time spent in this place.
 B = Non-inter-level travel time spent in this place.
 C = Inter-level travel time spent in this place.
 D = Time resting spent in this place.
 E = Time spent auto-exploring this place.
 F = Levels seen in this place.
 G = Mean time per level.
                   A        B        C        D        E       F      G
               +--------+--------+--------+--------+--------+-----+--------+
         Total |  17173 |  16659 |    514 |   5751 |   8255 |  13 | 1321.0 |
       Dungeon |  15400 |  14886 |    514 |   5338 |   7281 |  10 | 1540.0 |
          Lair |   1161 |   1161 |      0 |    223 |    758 |   1 | 1161.0 |
         Sewer |    380 |    380 |      0 |    190 |    110 |   1 |  380.0 |
       Ossuary |    230 |    230 |      0 |      0 |    106 |   1 |  230.0 |
               +--------+--------+--------+--------+--------+-----+--------+

Top non-repeatable levels by time:
     D:2: 2487 daAuts
     D:9: 2470 daAuts
    D:10: 2094 daAuts
     D:6: 1737 daAuts
     D:3: 1697 daAuts
     D:7: 1496 daAuts
  Lair:1: 1161 daAuts
     D:4: 1052 daAuts
     D:1: 909 daAuts
     D:5: 879 daAuts
     D:8: 575 daAuts
   Sewer: 380 daAuts
 Ossuary: 230 daAuts
